| TOP OF THE 1ST |
|
Madison Brewers batting - Pitching for Portland Angels : RHP Carlos Olbera
|
|
Pitching: RHP Carlos Olbera
|
|
|
Batting: RHB Malcolm McCauley
|
0-0: Called Strike 0-1: SOLO HOME RUN (Flyball, 7D, EV 93.1 MPH), Distance : 372 ft
|
|
Batting: LHB Jesus Huante
|
0-0: Ball 1-0: Ground out 6-3 (Groundball, 6, EV 106.9 MPH)
|
|
Batting: RHB Mario Lopez
|
0-0: Called Strike 0-1: Ground out U3 (Groundball, 34, EV 90.6 MPH)
|
|
Batting: SHB Justin Hensley
|
0-0: Ball 1-0: Ball 2-0: Foul Ball, location: 2F 2-1: Ground out 4-3 (Groundball, 4M, EV 76.2 MPH)
|
| Top of the 1st over - 1 run, 1 hit, 0 errors, 0 left on base; Madison 1 - Portland 0 |
| BOTTOM OF THE 1ST |
|
Portland Angels batting - Pitching for Madison Brewers : LHP Dusty Bryant
|
|
Pitching: LHP Dusty Bryant
|
|
|
Batting: RHB Trevor Kingston
|
0-0: Foul Ball, location: 2F 0-1: Ground out 5-3 (Groundball, 56, EV 84.4 MPH)
|
|
Batting: RHB Carlos Gonzales
|
0-0: Foul Ball, location: 2F 0-1: Ball 1-1: Ball 2-1: Ball 3-1: Called Strike 3-2: Base on Balls
|
|
Batting: RHB Dan Thomey
|
0-0: Ball 1-0: Ball 2-0: Called Strike 2-1: Foul Ball, location: 2F 2-2: Ball 3-2: DOUBLE (Flyball, 8LD, EV 95.0 MPH) Carlos Gonzales to third Carlos Gonzales scores
|
|
Batting: RHB Dan Myers
|
0-0: Ground out U3 (Groundball, 34, EV 87.5 MPH) Dan Thomey to third
|
|
Batting: LHB Ramon Garduno
|
0-0: Ball 1-0: Ball 2-0: Swinging Strike 2-1: Ball 3-1: Called Strike 3-2: Strikes out looking
|
| Bottom of the 1st over - 1 run, 1 hit, 0 errors, 1 left on base; Madison 1 - Portland 1 |
| TOP OF THE 2ND |
|
Madison Brewers batting - Pitching for Portland Angels : RHP Carlos Olbera
|
|
Batting: LHB John Fortin
|
0-0: Ball 1-0: Ground out 6-3 (Groundball, 6, EV 85.6 MPH)
|
|
Batting: RHB Manny Olave
|
0-0: Ball 1-0: Ball 2-0: Called Strike 2-1: Fly out, F7 (Flyball, 7LM, EV 90.6 MPH)
|
|
Batting: RHB Mohammed bin Ubaida
|
0-0: Foul Ball, location: 2F 0-1: Foul Ball, location: 2F 0-2: Foul Ball, location: 2F 0-2: Strikes out looking
|
| Top of the 2nd over - 0 runs, 0 hits, 0 errors, 0 left on base; Madison 1 - Portland 1 |
| BOTTOM OF THE 2ND |
|
Portland Angels batting - Pitching for Madison Brewers : LHP Dusty Bryant
|
|
Batting: SHB Danny Gelinas
|
0-0: Ball 1-0: DOUBLE (Flyball, 89D, EV 95.6 MPH)
|
|
Batting: RHB Daniel Molina
|
0-0: Ball 1-0: Ball 2-0: Fly out, F6 (Popup, 6MD, EV 56.9 MPH)
|
|
Batting: RHB Rory Cobb
|
0-0: Ball 1-0: Fly out, F7 (Flyball, 78D, EV 78.8 MPH)
|
|
Batting: RHB Mario Martinez
|
0-0: Ball 1-0: Ball 2-0: Fly out, F8 (Flyball, 8RXD, EV 99.4 MPH)
|
| Bottom of the 2nd over - 0 runs, 1 hit, 0 errors, 1 left on base; Madison 1 - Portland 1 |
| TOP OF THE 3RD |
|
Madison Brewers batting - Pitching for Portland Angels : RHP Carlos Olbera
|
|
Batting: RHB Lorenzo Diaz
|
0-0: Ball 1-0: Foul Ball, location: 2F 1-1: Fly out, F9 (Line Drive, 89S, EV 98.1 MPH)
|
|
Batting: RHB Xiao-shuang Au
|
0-0: Fly out, F5 (Popup, 5S, EV 83.8 MPH)
|
|
Batting: RHB Malcolm McCauley
|
0-0: Foul Ball, location: 2F 0-1: Called Strike 0-2: Strikes out looking
|
| Top of the 3rd over - 0 runs, 0 hits, 0 errors, 0 left on base; Madison 1 - Portland 1 |
| BOTTOM OF THE 3RD |
|
Portland Angels batting - Pitching for Madison Brewers : LHP Dusty Bryant
|
|
Batting: RHB Trevor Kingston
|
0-0: Called Strike 0-1: Ball 1-1: Ball 2-1: Called Strike 2-2: Ball 3-2: SOLO HOME RUN (Flyball, 78XD, EV 110.6 MPH), Distance : 421 ft
|
|
Batting: RHB Carlos Gonzales
|
0-0: Ball 1-0: Ground out 6-3 (Groundball, 56D, EV 85.0 MPH)
|
|
Batting: RHB Dan Thomey
|
0-0: Ball 1-0: Ball 2-0: Called Strike 2-1: Ball 3-1: Base on Balls
|
|
Batting: RHB Dan Myers
|
0-0: Called Strike Dan Thomey steals 2nd base 0-1: Ball 1-1: Ball 2-1: Foul Ball, location: 2F 2-2: Ball 3-2: Foul Ball, location: 2F 3-2: Base on Balls
|
|
Batting: LHB Ramon Garduno
|
0-0: Called Strike 0-1: Called Strike 0-2: Ball 1-2: SINGLE (Line Drive, 78S, EV 90.6 MPH) Dan Thomey to third Dan Myers to second Runner from 3rd tries for Home, SAFE, throw by LF to home
|
|
Batting: SHB Danny Gelinas
|
0-0: Ball Dan Myers steals 3rd base 1-0: Ball 2-0: Foul Ball, location: 2F 2-1: Fly out, F9 (Flyball, 9LS, EV 86.9 MPH)
|
|
Batting: RHB Daniel Molina
|
0-0: Called Strike 0-1: Foul Ball, location: 2F 0-2: Ball 1-2: Ball 2-2: Fly out, F7 (Line Drive, 78M, EV 90.0 MPH)
|
| Bottom of the 3rd over - 2 runs, 2 hits, 0 errors, 2 left on base; Madison 1 - Portland 3 |
| TOP OF THE 4TH |
|
Madison Brewers batting - Pitching for Portland Angels : RHP Carlos Olbera
|
|
Batting: LHB Jesus Huante
|
0-0: Ball 1-0: Called Strike 1-1: Foul Ball, location: 2F 1-2: SINGLE (Line Drive, 6D, EV 110.0 MPH)
|
|
Batting: RHB Mario Lopez
|
0-0: Ball 1-0: TRIPLE (Line Drive, 9LD, EV 109.4 MPH) Jesus Huante scores
|
|
Batting: SHB Justin Hensley
|
0-0: Ball 1-0: Ball 2-0: Fly out, F9 (Flyball, 9D, EV 99.4 MPH) Runner from 3rd tags up, SCORES, throw by RF
|
|
Batting: LHB John Fortin
|
0-0: Swinging Strike 0-1: Called Strike 0-2: Ball 1-2: Ball 2-2: Ball 3-2: Base on Balls
|
|
Batting: RHB Manny Olave
|
0-0: Ball John Fortin steals 2nd base 1-0: Ball 2-0: Called Strike 2-1: Foul Ball, location: 2F 2-2: Strikes out swinging
|
|
Batting: RHB Mohammed bin Ubaida
|
0-0: Ball 1-0: Called Strike 1-1: Swinging Strike 1-2: DOUBLE (Line Drive, 9LS, EV 98.1 MPH) John Fortin scores
|
|
Batting: RHB Lorenzo Diaz
|
0-0: Called Strike 0-1: Swinging Strike 0-2: Foul Ball, location: 2F 0-2: 2-RUN HOME RUN (Line Drive, 78XD, EV 98.8 MPH), Distance : 371 ft
|
|
Batting: RHB Xiao-shuang Au
|
0-0: Called Strike 0-1: Ball 1-1: Fly out, F9 (Flyball, 9D, EV 100.0 MPH)
|
| Top of the 4th over - 5 runs, 4 hits, 0 errors, 0 left on base; Madison 6 - Portland 3 |
| BOTTOM OF THE 4TH |
|
Portland Angels batting - Pitching for Madison Brewers : LHP Dusty Bryant
|
|
Pitching: RHP Troy Morin
|
|
|
Batting: RHB Rory Cobb
|
0-0: Ball 1-0: Foul Ball, location: 2F 1-1: Swinging Strike 1-2: Ball 2-2: Ball 3-2: Base on Balls
|
|
Batting: RHB Mario Martinez
|
0-0: Called Strike 0-1: Ball 1-1: Ball 2-1: Fielders Choice at 2nd, 6-4 (Groundball, 6, EV 87.5 MPH)
|
|
Batting: RHB Trevor Kingston
|
0-0: Fielders Choice at 2nd, 6-4 (Groundball, 6D, EV 105.6 MPH)
|
|
Batting: RHB Carlos Gonzales
|
0-0: Called Strike 0-1: Fly out, F7 (Flyball, 7LS, EV 82.5 MPH)
|
| Bottom of the 4th over - 0 runs, 0 hits, 0 errors, 1 left on base; Madison 6 - Portland 3 |
| TOP OF THE 5TH |
|
Madison Brewers batting - Pitching for Portland Angels : RHP Carlos Olbera
|
|
Batting: RHB Malcolm McCauley
|
0-0: Foul Ball, location: 2F 0-1: Ball 1-1: Foul Ball, location: 2F 1-2: Ball 2-2: Foul Ball, location: 2F 2-2: Strikes out looking
|
|
Batting: LHB Jesus Huante
|
0-0: Called Strike 0-1: Swinging Strike 0-2: Ball 1-2: Ball 2-2: Ball 3-2: Base on Balls
|
|
Batting: RHB Mario Lopez
|
0-0: Foul Ball, location: 2F 0-1: 2-RUN HOME RUN (Flyball, 9D, EV 94.4 MPH), Distance : 349 ft
|
|
Pitching: RHP Javier Carrasco
|
|
|
Batting: SHB Justin Hensley
|
0-0: Ball 1-0: Called Strike 1-1: Foul Ball, location: 2F 1-2: Ball 2-2: Fly out, F7 (Flyball, 7S, EV 86.9 MPH)
|
|
Batting: LHB John Fortin
|
0-0: Ball 1-0: Ball 2-0: Called Strike 2-1: Foul Ball, location: 2F 2-2: Strikes out looking
|
| Top of the 5th over - 2 runs, 1 hit, 0 errors, 0 left on base; Madison 8 - Portland 3 |
| BOTTOM OF THE 5TH |
|
Portland Angels batting - Pitching for Madison Brewers : RHP Troy Morin
|
|
Batting: RHB Dan Thomey
|
0-0: SINGLE (Line Drive, 4D, EV 94.4 MPH)
|
|
Batting: RHB Dan Myers
|
0-0: Called Strike 0-1: SINGLE (Line Drive, 7S, EV 100.6 MPH) Dan Thomey to second
|
|
Batting: LHB Ramon Garduno
|
0-0: Called Strike 0-1: Ball 1-1: Called Strike 1-2: Ball 2-2: Foul Ball, location: 2F 2-2: Strikes out looking
|
|
Batting: SHB Danny Gelinas
|
0-0: Ball 1-0: Fly out, F6 (Popup, P, EV 86.9 MPH)
|
|
Batting: RHB Daniel Molina
|
0-0: Called Strike 0-1: Called Strike 0-2: Ball 1-2: Hit by Pitch Dan Thomey to third Dan Myers to second
|
|
Batting: RHB Rory Cobb
|
0-0: Ball Wild Pitch! Dan Thomey scores Dan Myers to third Daniel Molina to second 1-0: Ground out 6-3 (Groundball, 56D, EV 91.2 MPH)
|
| Bottom of the 5th over - 1 run, 2 hits, 0 errors, 2 left on base; Madison 8 - Portland 4 |
| TOP OF THE 6TH |
|
Madison Brewers batting - Pitching for Portland Angels : RHP Javier Carrasco
|
|
Batting: RHB Manny Olave
|
0-0: Called Strike 0-1: SINGLE (Groundball, 6D, EV 107.5 MPH)
|
|
Batting: RHB Mohammed bin Ubaida
|
0-0: Ball Passed Ball! Manny Olave to second 1-0: Ground out 4-3 (Groundball, 4S, EV 82.5 MPH) Manny Olave to third
|
|
Batting: RHB Lorenzo Diaz
|
0-0: Ball 1-0: Ball 2-0: Ball 3-0: Base on Balls
|
|
Pinch Hitting: LHB Alex Chairez
|
0-0: Fielders Choice at 2nd, 4-6 (Groundball, 4, EV 85.0 MPH) Manny Olave scores
|
|
Batting: RHB Malcolm McCauley
|
0-0: Foul Ball, location: 2F 0-1: Ball Alex Chairez steals 2nd base 1-1: Ball 2-1: Ball 3-1: Called Strike 3-2: SINGLE (Groundball, 25, EV 69.4 MPH) (infield hit) Alex Chairez to third
|
|
Batting: LHB Jesus Huante
|
0-0: Ball 1-0: Ball 2-0: Ball 3-0: Base on Balls Malcolm McCauley to second
|
|
Batting: RHB Mario Lopez
|
0-0: Foul Ball, location: 2F 0-1: SINGLE (Groundball, 34D, EV 100.0 MPH) Alex Chairez scores Malcolm McCauley to third Jesus Huante to second
|
|
Batting: SHB Justin Hensley
|
0-0: Swinging Strike 0-1: GRAND SLAM HOME RUN (Flyball, 89XD, EV 99.4 MPH), Distance : 386 ft
|
|
Pitching: RHP Austin Raymond
|
|
|
Batting: LHB John Fortin
|
0-0: Ball 1-0: Foul Ball, location: 2F 1-1: Ball 2-1: Foul Ball, location: 2F 2-2: Fly out, F7 (Flyball, 78M, EV 86.9 MPH)
|
| Top of the 6th over - 6 runs, 4 hits, 0 errors, 0 left on base; Madison 14 - Portland 4 |
| BOTTOM OF THE 6TH |
|
Portland Angels batting - Pitching for Madison Brewers : RHP Troy Morin
|
|
Now at 3B: Tony Beaumond
|
|
|
Batting: RHB Mario Martinez
|
0-0: Foul Ball, location: 2F 0-1: Foul Ball, location: 2F 0-2: Fly out, F8 (Flyball, 8RD, EV 82.5 MPH)
|
|
Batting: RHB Trevor Kingston
|
0-0: Ball 1-0: Swinging Strike 1-1: Ball 2-1: Swinging Strike 2-2: Foul Ball, location: 2F 2-2: Foul Ball, location: 2F 2-2: Strikes out swinging, 2-3 out at first.
|
|
Batting: RHB Carlos Gonzales
|
0-0: Ball 1-0: Ball 2-0: Called Strike 2-1: Swinging Strike 2-2: Foul Ball, location: 2F 2-2: Foul Ball, location: 2F 2-2: Ball 3-2: Foul Ball, location: 2F 3-2: Base on Balls
|
|
Batting: RHB Dan Thomey
|
0-0: Ball 1-0: Ball 2-0: Ball 3-0: Called Strike 3-1: Foul Ball, location: 2F 3-2: Foul Ball, location: 2F 3-2: Foul Ball, location: 2F 3-2: DOUBLE (Line Drive, 78D, EV 105.0 MPH) Carlos Gonzales to third Carlos Gonzales scores
|
|
Batting: RHB Dan Myers
|
0-0: Called Strike 0-1: Ball 1-1: Foul Ball, location: 2F 1-2: DOUBLE (Line Drive, 89D, EV 105.6 MPH) Dan Thomey scores
|
|
Pitching: RHP Todd Massad
|
|
|
Batting: LHB Ramon Garduno
|
0-0: Foul Ball, location: 2F 0-1: Ball 1-1: Ground out 6-3 (Groundball, 6, EV 103.1 MPH)
|
| Bottom of the 6th over - 2 runs, 2 hits, 0 errors, 1 left on base; Madison 14 - Portland 6 |
| TOP OF THE 7TH |
|
Madison Brewers batting - Pitching for Portland Angels : RHP Austin Raymond
|
|
Batting: RHB Manny Olave
|
0-0: Called Strike 0-1: Ball 1-1: Ball 2-1: Foul Ball, location: 2F 2-2: Strikes out swinging
|
|
Batting: RHB Mohammed bin Ubaida
|
0-0: Ball 1-0: Called Strike 1-1: Ball 2-1: Ball 3-1: Swinging Strike 3-2: Base on Balls
|
|
Batting: RHB Lorenzo Diaz
|
0-0: Swinging Strike 0-1: SINGLE (Groundball, 6S, EV 65.0 MPH) (infield hit) Mohammed bin Ubaida to second
|
|
Batting: RHB Tony Beaumond
|
0-0: Grounds into double play, 6-4-3 (Groundball, 6, EV 104.4 MPH)
|
| Top of the 7th over - 0 runs, 1 hit, 0 errors, 1 left on base; Madison 14 - Portland 6 |
| BOTTOM OF THE 7TH |
|
Portland Angels batting - Pitching for Madison Brewers : RHP Todd Massad
|
|
Batting: SHB Danny Gelinas
|
0-0: Ball 1-0: SINGLE (Groundball, 4D, EV 104.4 MPH)
|
|
Batting: RHB Daniel Molina
|
0-0: Ball 1-0: Ball 2-0: Called Strike 2-1: Ball 3-1: SINGLE (Line Drive, 56, EV 96.2 MPH) Danny Gelinas to second
|
|
Pinch Hitting: RHB Aaron Bryant
|
0-0: Ball 1-0: Called Strike 1-1: Called Strike 1-2: Foul Ball, location: 2F 1-2: Foul Ball, location: 2F 1-2: Fly out, F3 (Popup, 3F, EV 78.8 MPH)
|
|
Pinch Hitting: LHB Bill Girton
|
0-0: Ball 1-0: Foul Ball, location: 2F 1-1: Foul Ball, location: 2F 1-2: Ball 2-2: Ball 3-2: Fielders Choice at 2nd, 4-6 (Groundball, 4S, EV 85.0 MPH) Danny Gelinas to third
|
|
Batting: RHB Trevor Kingston
|
0-0: Swinging Strike 0-1: Fielders Choice at 2nd, 6-4 (Groundball, 6, EV 98.8 MPH)
|
| Bottom of the 7th over - 0 runs, 2 hits, 0 errors, 2 left on base; Madison 14 - Portland 6 |
| TOP OF THE 8TH |
|
Madison Brewers batting - Pitching for Portland Angels : RHP Austin Raymond
|
|
Now at SS: Brendan Garoutte
|
|
|
Now in RF: Bill Girton
|
|
|
Batting: RHB Malcolm McCauley
|
0-0: Ball 1-0: Ball 2-0: Called Strike 2-1: Ball 3-1: Called Strike 3-2: Fly out, F9 (Flyball, 9, EV 92.5 MPH)
|
|
Batting: LHB Jesus Huante
|
0-0: Foul Ball, location: 2F 0-1: Swinging Strike 0-2: Strikes out swinging
|
|
Batting: RHB Mario Lopez
|
0-0: Foul Ball, location: 2F 0-1: Ball 1-1: Ball 2-1: Fly out, F7 (Line Drive, 7S, EV 88.8 MPH)
|
| Top of the 8th over - 0 runs, 0 hits, 0 errors, 0 left on base; Madison 14 - Portland 6 |
| BOTTOM OF THE 8TH |
|
Portland Angels batting - Pitching for Madison Brewers : RHP Todd Massad
|
|
Pinch Hitting: RHB Sean Rocha
|
0-0: Ball 1-0: Ball 2-0: Ball 3-0: Called Strike 3-1: Called Strike 3-2: Foul Ball, location: 2F 3-2: Strikes out looking
|
|
Batting: RHB Dan Thomey
|
0-0: Called Strike 0-1: Ball 1-1: Foul Ball, location: 2F 1-2: Ball 2-2: Ball 3-2: Ground out 1-3 (Groundball, P, EV 62.5 MPH)
|
|
Batting: RHB Dan Myers
|
0-0: Ball 1-0: SINGLE (Line Drive, 4D, EV 104.4 MPH)
|
|
Batting: LHB Ramon Garduno
|
0-0: Ball 1-0: Ball 2-0: Called Strike 2-1: Fly out, F7 (Flyball, 78XD, EV 109.4 MPH)
|
| Bottom of the 8th over - 0 runs, 1 hit, 0 errors, 1 left on base; Madison 14 - Portland 6 |
| TOP OF THE 9TH |
|
Madison Brewers batting - Pitching for Portland Angels : RHP Austin Raymond
|
|
Now in CF: Sean Rocha
|
|
|
Batting: SHB Justin Hensley
|
0-0: Reached on error, E6 (Groundball, 6, EV 88.8 MPH)
|
|
Batting: LHB John Fortin
|
0-0: Ball 1-0: Called Strike 1-1: Ball 2-1: Ball 3-1: Base on Balls
|
|
Batting: RHB Manny Olave
|
0-0: Called Strike 0-1: Swinging Strike 0-2: SINGLE (Groundball, 34D, EV 96.2 MPH) Justin Hensley to third John Fortin to second
|
|
Batting: RHB Mohammed bin Ubaida
|
0-0: Ball 1-0: Foul Ball, location: 2F 1-1: Ball Wild Pitch! Justin Hensley scores John Fortin to third Manny Olave to second 2-1: Ball 3-1: Called Strike 3-2: Foul Ball, location: 2F 3-2: Foul Ball, location: 2F 3-2: Fly out, F3 (Flyball, 3D, EV 89.4 MPH)
|
|
Batting: RHB Lorenzo Diaz
|
0-0: Called Strike 0-1: Foul Ball, location: 2F 0-2: Ball 1-2: Ball 2-2: Strikes out swinging
|
|
Batting: RHB Tony Beaumond
|
0-0: Ball 1-0: Fly out, F9 (Flyball, 89S, EV 86.9 MPH)
|
| Top of the 9th over - 1 run, 1 hit, 1 error, 2 left on base; Madison 15 - Portland 6 |
| BOTTOM OF THE 9TH |
|
Portland Angels batting - Pitching for Madison Brewers : RHP Todd Massad
|
|
Batting: SHB Danny Gelinas
|
0-0: Ball 1-0: Called Strike 1-1: Called Strike 1-2: Foul Ball, location: 2F 1-2: Fly out, F9 (Flyball, 9D, EV 103.8 MPH)
|
|
Batting: RHB Daniel Molina
|
0-0: Called Strike 0-1: Ball 1-1: Ball 2-1: Ball 3-1: Foul Ball, location: 2F 3-2: Base on Balls
|
|
Batting: RHB Brendan Garoutte
|
0-0: Fielders Choice at 2nd, 6-4 (Groundball, 6D, EV 103.1 MPH)
|
|
Batting: LHB Bill Girton
|
0-0: Called Strike 0-1: Swinging Strike 0-2: Ball 1-2: Ball 2-2: Ball 3-2: TRIPLE (Flyball, 8LXD, EV 109.4 MPH) Brendan Garoutte scores
|
|
Pitching: RHP Justin Marino
|
|
|
Batting: RHB Trevor Kingston
|
0-0: SINGLE (Line Drive, 7S, EV 101.9 MPH) Bill Girton scores
|
|
Batting: RHB Sean Rocha
|
0-0: Foul Ball, location: 2F 0-1: Called Strike 0-2: Ball 1-2: Fly out, F9 (Line Drive, 9S, EV 108.1 MPH)
|
| Bottom of the 9th over - 2 runs, 2 hits, 0 errors, 1 left on base; Madison 15 - Portland 8 |
|